[ AOE2 MATCH · #482010563 ]
UnrankedItalians vs Poles
[ REPLAY ANALYSIS · EXTRACTED FROM THE RECORDED GAME ]
Feudal
—
Castle
—
Imperial
—
| APM avg | 40.9 |
| APM peak | 73 |
| eAPM avg | 11.3 |
| Villagers / military | 37 / 44 |
Focus
⚔️ 36.5% · 🌾 63.5%
Archer ×31 · Knight ×13
Feudal
—
Castle
—
Imperial
—
| APM avg | 1.3 |
| APM peak | 45 |
| eAPM avg | 0.4 |
| Villagers / military | 4 / 0 |
Focus
⚔️ 0.0% · 🌾 100.0%
Feudal
10:40
Castle
21:10
Imperial
—
| APM avg | 22.7 |
| APM peak | 76 |
| eAPM avg | 12.8 |
| Villagers / military | 61 / 115 |
Focus
⚔️ 42.1% · 🌾 57.9%
Skirmisher ×104 · Obuch ×7 · Spearman ×4
Feudal
10:22
Castle
22:20
Imperial
—
| APM avg | 24.9 |
| APM peak | 73 |
| eAPM avg | 12.4 |
| Villagers / military | 73 / 36 |
Focus
⚔️ 18.4% · 🌾 81.6%
Knight ×21 · Mangonel ×7 · Skirmisher ×4 · Coustillier ×2 · Spearman ×1 · Battering Ram ×1
Match map
Initial resources + every placement click. Lines = walls · curves = elevation contours. ◆ gold · ⬟ stone · ● berries · ✦ relic · ◌ wall gap
Your base· Open — opponent sealed themselves in
Dejá's base· Open — unwalled flank
jaypi's base· ✓ Closed at 21:10 · 66t walls · 1 gate(s)
MOONDERNAR's base· ✓ Closed at 22:20 · 56t walls · 1 gate(s)
Smoothed initial terrain · ◌ = detected wall gap · hover for details
Inputs per minute
— NARIO226807 - - Dejá
Build order — NARIO226807
First 150 of 153 actions detected
| 0:00 | Create | Villager (Male) |
| 0:01 | Create | Villager (Male) |
| 0:01 | Create | Villager (Male) |
| 0:02 | Build | House |
| 0:05 | Build | House |
| 0:05 | Create | Villager (Male) |
| 0:06 | Create | Villager (Male) |
| 1:26 | Create | Villager (Male) |
| 1:26 | Create | Villager (Male) |
| 2:03 | Create | Villager (Male) |
| 2:03 | Create | Villager (Male) |
| 2:37 | Create | Villager (Male) |
| 2:55 | Build | Lumber Camp |
| 3:02 | Create | Villager (Male) |
| 3:02 | Create | Villager (Male) |
| 3:14 | Build | House |
| 3:24 | Create | Villager (Male) |
| 3:24 | Create | Villager (Male) |
| 3:49 | Create | Villager (Male) |
| 3:50 | Create | Villager (Male) |
| 4:13 | Create | Villager (Male) |
| 4:29 | Build | Mining Camp |
| 4:41 | Create | Villager (Male) |
| 4:46 | Create | Villager (Male) |
| 5:35 | Create | Villager (Male) |
| 5:38 | Research | Loom |
| 6:45 | Research | Feudal Age |
| 7:42 | Build | Barracks |
| 8:23 | Build | House |
| 9:00 | Build | Archery Range |
| 9:10 | Create | Villager (Male) |
| 9:11 | Create | Villager (Male) |
| 9:34 | Create | Archer |
| 9:44 | Build | Archery Range |
| 9:49 | Create | Archer |
| 10:10 | Create | Villager (Male) |
| 10:28 | Build | House |
| 10:41 | Create | Archer |
| 11:01 | Create | Villager (Male) |
| 11:23 | Create | Archer |
| 11:41 | Build | Blacksmith |
| 11:45 | Build | Mill |
| 11:53 | Create | Archer |
| 12:17 | Create | Villager (Male) |
| 12:26 | Research | Fletching |
| 12:30 | Create | Archer |
| 12:45 | Create | Villager (Male) |
| 12:47 | Build | House |
| 13:30 | Create | Archer |
| 13:30 | Create | Archer |
| 13:48 | Create | Villager (Male) |
| 14:02 | Create | Archer |
| 14:05 | Build | House |
| 14:07 | Build | Palisade Wall |
| 14:19 | Create | Archer |
| 14:20 | Create | Archer |
| 14:38 | Build | House |
| 14:43 | Create | Archer |
| 14:46 | Create | Villager (Male) |
| 15:00 | Create | Archer |
| 15:03 | Create | Archer |
| 15:21 | Research | Padded Archer Armor |
| 15:32 | Build | Palisade Wall |
| 15:50 | Create | Archer |
| 15:51 | Create | Archer |
| 16:00 | Build | Palisade Wall |
| 16:01 | Build | Palisade Wall |
| 16:14 | Build | Farm |
| 16:16 | Build | Farm |
| 16:18 | Build | Farm |
| 16:24 | Build | Farm |
| 16:26 | Build | Farm |
| 16:35 | Build | Palisade Wall |
| 16:39 | Create | Archer |
| 16:39 | Create | Archer |
| 16:46 | Build | Farm |
| 16:53 | Build | House |
| 17:12 | Build | Farm |
| 17:13 | Build | Farm |
| 17:15 | Create | Villager (Male) |
| 17:38 | Build | Farm |
| 17:40 | Build | Farm |
| 17:43 | Create | Archer |
| 17:45 | Create | Archer |
| 17:50 | Build | House |
| 18:04 | Create | Villager (Male) |
| 18:37 | Create | Villager (Male) |
| 19:31 | Research | Castle Age |
| 20:00 | Create | Archer |
| 20:02 | Create | Archer |
| 20:19 | Build | House |
| 21:04 | Create | Archer |
| 21:05 | Create | Archer |
| 21:12 | Build | House |
| 22:17 | Research | Bodkin Arrow |
| 22:19 | Research | Crossbowman (upgrade) |
| 22:43 | Build | Town Center |
| 23:13 | Build | Palisade Wall |
| 23:42 | Build | University |
| 23:46 | Research | Leather Archer Armor |
| 23:51 | Create | Villager (Male) |
| 23:55 | Create | Villager (Male) |
| 23:57 | Create | Villager (Male) |
| 25:03 | Research | Ballistics |
| 25:07 | Build | House |
| 25:12 | Create | Archer |
| 25:13 | Create | Archer |
| 25:22 | Research | Thumb Ring |
| 25:30 | Build | Palisade Wall |
| 26:28 | Create | Villager (Male) |
| 26:32 | Research | Wheelbarrow |
| 26:41 | Build | Stable |
| 27:04 | Create | Villager (Male) |
| 27:26 | Create | Knight |
| 27:34 | Build | Farm |
| 27:56 | Create | Knight |
| 28:23 | Create | Knight |
| 28:39 | Create | Villager (Male) |
| 28:43 | Create | Knight |
| 28:53 | Build | Farm |
| 29:01 | Build | Farm |
| 29:11 | Build | House |
| 29:16 | Create | Knight |
| 29:27 | Build | Farm |
| 29:28 | Build | Farm |
| 29:42 | Research | Scale Barding Armor |
| 29:50 | Build | Farm |
| 30:04 | Build | House |
| 30:36 | Create | Knight |
| 30:46 | Build | Farm |
| 31:20 | Research | Bloodlines |
| 32:27 | Create | Knight |
| 32:27 | Create | Knight |
| 32:34 | Create | Archer |
| 32:35 | Create | Archer |
| 32:35 | Create | Archer |
| 32:40 | Build | Farm |
| 32:41 | Build | Farm |
| 33:02 | Build | Stable |
| 33:12 | Research | Forging |
| 33:25 | Create | Archer |
| 33:25 | Create | Archer |
| 33:33 | Build | House |
| 33:34 | Build | House |
| 34:03 | Research | Hand Cart |
| 34:06 | Research | Husbandry |
| 34:12 | Create | Knight |
| 34:15 | Create | Knight |
| 34:16 | Create | Knight |
| 34:19 | Build | Farm |
Build order — Dejá
4 actions detected in the replay
| 1:40 | Create | Villager (Male) |
| 1:40 | Create | Villager (Male) |
| 1:41 | Create | Villager (Male) |
| 1:41 | Create | Villager (Male) |
Build order — jaypi
First 150 of 276 actions detected
| 0:02 | Build | House |
| 0:02 | Create | Villager (Male) |
| 0:02 | Create | Villager (Male) |
| 0:02 | Create | Villager (Male) |
| 0:03 | Build | House |
| 0:19 | Create | Villager (Male) |
| 0:20 | Create | Villager (Male) |
| 1:33 | Create | Villager (Male) |
| 2:14 | Create | Villager (Male) |
| 2:15 | Create | Villager (Male) |
| 3:19 | Create | Villager (Male) |
| 3:19 | Create | Villager (Male) |
| 3:28 | Build | Lumber Camp |
| 3:37 | Create | Villager (Male) |
| 4:07 | Create | Villager (Male) |
| 4:07 | Create | Villager (Male) |
| 4:18 | Build | Mill |
| 4:44 | Create | Villager (Male) |
| 4:44 | Create | Villager (Male) |
| 5:22 | Create | Villager (Male) |
| 5:23 | Create | Villager (Male) |
| 5:26 | Create | Villager (Male) |
| 5:56 | Create | Villager (Male) |
| 5:56 | Create | Villager (Male) |
| 6:12 | Create | Villager (Male) |
| 6:12 | Create | Villager (Male) |
| 6:38 | Create | Villager (Male) |
| 6:54 | Build | House |
| 7:06 | Research | Loom |
| 7:36 | Build | Palisade Wall |
| 8:23 | Research | Feudal Age |
| 8:47 | Build | House |
| 8:50 | Build | Palisade Wall |
| 9:18 | Build | Palisade Wall |
| 9:35 | Build | House |
| 9:37 | Build | Palisade Wall |
| 10:09 | Create | Villager (Male) |
| 10:09 | Create | Villager (Male) |
| 10:10 | Create | Villager (Male) |
| 10:20 | Build | Barracks |
| 10:40 | Age | Feudal Age |
| 10:57 | Build | Farm |
| 10:58 | Build | Farm |
| 10:58 | Build | Farm |
| 10:58 | Build | Farm |
| 10:59 | Build | Farm |
| 11:01 | Build | Farm |
| 11:15 | Create | Spearman |
| 11:16 | Create | Spearman |
| 11:16 | Create | Spearman |
| 11:17 | Create | Spearman |
| 11:32 | Research | Double-Bit Axe |
| 12:23 | Build | Farm |
| 12:32 | Build | Archery Range |
| 12:42 | Create | Villager (Male) |
| 12:42 | Create | Villager (Male) |
| 12:42 | Create | Villager (Male) |
| 12:43 | Create | Villager (Male) |
| 13:10 | Build | Mining Camp |
| 13:15 | Create | Skirmisher |
| 13:16 | Create | Skirmisher |
| 13:16 | Create | Skirmisher |
| 13:45 | Build | House |
| 13:48 | Build | Palisade Wall |
| 14:01 | Build | House |
| 14:04 | Build | Palisade Wall |
| 14:09 | Create | Villager (Male) |
| 14:09 | Create | Villager (Male) |
| 14:10 | Create | Villager (Male) |
| 14:35 | Create | Skirmisher |
| 14:36 | Create | Skirmisher |
| 14:36 | Create | Skirmisher |
| 14:47 | Build | Mill |
| 14:48 | Build | Farm |
| 15:29 | Create | Villager (Male) |
| 15:32 | Build | House |
| 15:38 | Build | Palisade Wall |
| 15:43 | Build | Farm |
| 15:45 | Build | Farm |
| 15:49 | Build | Farm |
| 16:23 | Build | Palisade Gate |
| 16:32 | Create | Villager (Male) |
| 16:32 | Create | Villager (Male) |
| 16:36 | Build | Farm |
| 16:52 | Build | Palisade Wall |
| 16:56 | Create | Villager (Male) |
| 17:03 | Build | Blacksmith |
| 17:05 | Build | House |
| 17:12 | Build | Farm |
| 17:30 | Create | Skirmisher |
| 17:30 | Create | Skirmisher |
| 18:02 | Build | Lumber Camp |
| 18:17 | Build | Palisade Wall |
| 18:17 | Build | Palisade Wall |
| 18:30 | Research | Castle Age |
| 18:33 | Research | Padded Archer Armor |
| 18:34 | Research | Fletching |
| 18:40 | Build | House |
| 19:15 | Create | Skirmisher |
| 19:15 | Create | Skirmisher |
| 19:16 | Create | Skirmisher |
| 20:07 | Create | Villager (Male) |
| 20:07 | Create | Villager (Male) |
| 20:08 | Create | Villager (Male) |
| 20:16 | Create | Skirmisher |
| 20:37 | Build | Mining Camp |
| 21:10 | Age | Castle Age |
| 21:30 | Research | Elite Skirmisher (upgrade) |
| 21:36 | Create | Villager (Male) |
| 21:37 | Create | Villager (Male) |
| 22:29 | Create | Villager (Male) |
| 22:30 | Create | Villager (Male) |
| 23:04 | Build | Archery Range |
| 23:13 | Research | Leather Archer Armor |
| 23:14 | Research | Bodkin Arrow |
| 23:28 | Build | Archery Range |
| 23:29 | Build | Archery Range |
| 23:39 | Create | Skirmisher |
| 23:39 | Create | Skirmisher |
| 23:54 | Create | Villager (Male) |
| 23:54 | Create | Villager (Male) |
| 23:56 | Create | Villager (Male) |
| 23:56 | Create | Villager (Male) |
| 23:58 | Research | Wheelbarrow |
| 24:08 | Research | Bow Saw |
| 24:11 | Create | Villager (Male) |
| 24:39 | Create | Skirmisher |
| 24:40 | Create | Skirmisher |
| 24:41 | Create | Skirmisher |
| 24:41 | Create | Skirmisher |
| 24:52 | Create | Villager (Male) |
| 25:18 | Build | Farm |
| 25:19 | Build | Farm |
| 25:19 | Build | Farm |
| 25:25 | Build | House |
| 25:26 | Build | House |
| 25:28 | Build | House |
| 25:28 | Build | House |
| 25:40 | Create | Skirmisher |
| 25:41 | Create | Skirmisher |
| 26:09 | Build | Castle |
| 26:26 | Create | Skirmisher |
| 26:26 | Create | Skirmisher |
| 26:27 | Create | Skirmisher |
| 26:27 | Create | Skirmisher |
| 26:27 | Create | Skirmisher |
| 26:28 | Create | Skirmisher |
| 26:51 | Create | Villager (Male) |
| 27:06 | Build | University |
| 27:10 | Build | Farm |
Build order — MOONDERNAR
First 150 of 206 actions detected
| 0:01 | Create | Villager (Male) |
| 0:01 | Create | Villager (Male) |
| 0:01 | Create | Villager (Male) |
| 0:02 | Build | House |
| 0:08 | Build | House |
| 0:41 | Create | Villager (Male) |
| 1:29 | Create | Villager (Male) |
| 2:13 | Create | Villager (Male) |
| 2:22 | Create | Villager (Male) |
| 2:50 | Create | Villager (Male) |
| 3:13 | Build | House |
| 3:17 | Create | Villager (Male) |
| 3:38 | Build | House |
| 3:55 | Create | Villager (Male) |
| 3:55 | Create | Villager (Male) |
| 4:28 | Build | Lumber Camp |
| 4:37 | Create | Villager (Male) |
| 5:06 | Create | Villager (Male) |
| 5:12 | Build | Mill |
| 5:42 | Create | Villager (Male) |
| 5:43 | Create | Villager (Male) |
| 5:57 | Create | Villager (Male) |
| 6:10 | Create | Villager (Male) |
| 7:07 | Create | Villager (Male) |
| 7:08 | Create | Villager (Male) |
| 7:14 | Research | Double-Bit Axe |
| 7:51 | Research | Loom |
| 8:11 | Research | Feudal Age |
| 8:32 | Research | Loom |
| 8:58 | Build | Lumber Camp |
| 9:13 | Build | Farm |
| 9:17 | Build | Farm |
| 9:20 | Build | Farm |
| 9:26 | Build | House |
| 9:31 | Build | Palisade Wall |
| 9:39 | Build | House |
| 9:46 | Build | Palisade Wall |
| 9:53 | Build | House |
| 9:59 | Build | Palisade Wall |
| 10:01 | Create | Villager (Male) |
| 10:13 | Build | House |
| 10:20 | Build | Palisade Wall |
| 10:22 | Create | Villager (Male) |
| 10:22 | Age | Feudal Age |
| 10:31 | Build | Barracks |
| 10:51 | Research | Bow Saw |
| 11:22 | Create | Villager (Male) |
| 11:29 | Create | Spearman |
| 11:34 | Build | Farm |
| 12:04 | Build | Watch Tower |
| 12:19 | Build | House |
| 12:22 | Build | House |
| 12:28 | Build | Palisade Wall |
| 12:29 | Create | Villager (Male) |
| 12:37 | Build | House |
| 12:39 | Create | Villager (Male) |
| 12:57 | Build | Farm |
| 12:59 | Create | Villager (Male) |
| 13:16 | Build | Mining Camp |
| 13:25 | Build | Farm |
| 13:27 | Build | Farm |
| 13:30 | Create | Villager (Male) |
| 13:47 | Build | House |
| 13:49 | Build | House |
| 13:58 | Build | Farm |
| 13:59 | Create | Villager (Male) |
| 14:15 | Build | Archery Range |
| 14:20 | Create | Villager (Male) |
| 14:36 | Build | Farm |
| 15:02 | Build | Farm |
| 15:05 | Create | Skirmisher |
| 15:05 | Create | Skirmisher |
| 15:21 | Create | Villager (Male) |
| 15:21 | Create | Villager (Male) |
| 15:48 | Build | Blacksmith |
| 16:05 | Create | Villager (Male) |
| 16:12 | Create | Skirmisher |
| 16:25 | Build | Farm |
| 16:27 | Create | Villager (Male) |
| 16:36 | Build | Farm |
| 16:42 | Build | Farm |
| 16:50 | Build | Market |
| 16:53 | Create | Skirmisher |
| 17:01 | Create | Villager (Male) |
| 17:05 | Build | Farm |
| 17:34 | Create | Villager (Male) |
| 17:57 | Create | Villager (Male) |
| 18:04 | Build | Farm |
| 18:22 | Create | Villager (Male) |
| 18:27 | Build | Farm |
| 18:55 | Build | Farm |
| 18:58 | Create | Villager (Male) |
| 19:21 | Build | Farm |
| 19:28 | Build | Farm |
| 19:40 | Research | Castle Age |
| 20:08 | Build | Stable |
| 20:09 | Create | Villager (Male) |
| 20:19 | Research | Gold Mining |
| 20:22 | Research | Horse Collar |
| 20:55 | Build | Palisade Gate |
| 21:26 | Create | Villager (Male) |
| 21:26 | Create | Villager (Male) |
| 22:19 | Create | Villager (Male) |
| 22:20 | Age | Castle Age |
| 22:33 | Create | Villager (Male) |
| 22:37 | Research | Cavalier (upgrade) |
| 22:38 | Create | Knight |
| 22:39 | Create | Knight |
| 22:57 | Build | Siege Workshop |
| 23:18 | Build | Town Center |
| 23:26 | Research | Forging |
| 23:27 | Research | Scale Barding Armor |
| 23:45 | Build | Mining Camp |
| 23:54 | Research | Heavy Plow |
| 23:56 | Research | Two-Man Saw |
| 24:16 | Create | Villager (Male) |
| 24:43 | Build | Siege Workshop |
| 24:46 | Create | Villager (Male) |
| 24:46 | Create | Villager (Male) |
| 24:52 | Create | Villager (Male) |
| 24:52 | Create | Villager (Male) |
| 25:11 | Create | Villager (Male) |
| 25:18 | Create | Knight |
| 25:22 | Create | Villager (Male) |
| 25:31 | Build | Farm |
| 25:47 | Create | Villager (Male) |
| 25:47 | Create | Villager (Male) |
| 25:55 | Create | Villager (Male) |
| 25:58 | Build | Farm |
| 26:01 | Build | Farm |
| 26:16 | Create | Knight |
| 26:32 | Create | Mangonel |
| 26:35 | Create | Villager (Male) |
| 26:36 | Create | Villager (Male) |
| 26:46 | Create | Villager (Male) |
| 26:47 | Create | Villager (Male) |
| 26:51 | Create | Knight |
| 27:03 | Build | Stable |
| 27:08 | Create | Villager (Male) |
| 27:15 | Research | Stone Mining |
| 27:25 | Create | Knight |
| 27:32 | Create | Villager (Male) |
| 27:38 | Research | Gold Shaft Mining |
| 27:41 | Create | Knight |
| 28:07 | Research | Fletching |
| 28:14 | Build | Farm |
| 28:18 | Build | Farm |
| 28:24 | Create | Villager (Male) |
| 28:24 | Create | Villager (Male) |
| 28:39 | Create | Villager (Male) |
Match timeline
| 2:16 | Dejá · resign |
| 7:36 | jaypi · wall_segment Palisade Wall x10 |
| 7:42 | NARIO226807 · first_building Barracks |
| 8:50 | jaypi · wall_segment Palisade Wall x7 |
| 9:00 | NARIO226807 · first_building Archery Range |
| 9:18 | jaypi · wall_segment Palisade Wall x10 |
| 9:31 | MOONDERNAR · wall_segment Palisade Wall x9 |
| 9:37 | jaypi · wall_segment Palisade Wall x8 |
| 9:46 | MOONDERNAR · wall_segment Palisade Wall x20 |
| 9:59 | MOONDERNAR · wall_segment Palisade Wall x7 |
| 10:20 | jaypi · first_building Barracks |
| 10:20 | MOONDERNAR · wall_segment Palisade Wall x19 |
| 10:22 | MOONDERNAR · age_up feudal |
| 10:31 | MOONDERNAR · first_building Barracks |
| 10:40 | jaypi · age_up feudal |
| 12:28 | MOONDERNAR · wall_segment Palisade Wall x1 |
| 12:32 | jaypi · first_building Archery Range |
| 13:48 | jaypi · wall_segment Palisade Wall x18 |
| 14:04 | jaypi · wall_segment Palisade Wall x2 |
| 14:07 | NARIO226807 · wall_segment Palisade Wall x1 |
| 14:15 | MOONDERNAR · first_building Archery Range |
| 15:32 | NARIO226807 · wall_segment Palisade Wall x5 |
| 15:38 | jaypi · wall_segment Palisade Wall x9 |
| 16:00 | NARIO226807 · wall_segment Palisade Wall x1 |
| 16:01 | NARIO226807 · wall_segment Palisade Wall x1 |
| 16:35 | NARIO226807 · wall_segment Palisade Wall x9 |
| 16:52 | jaypi · wall_segment Palisade Wall x1 |
| 18:17 | jaypi · wall_segment Palisade Wall x1 |
| 18:17 | jaypi · wall_segment Palisade Wall x1 |
| 20:08 | MOONDERNAR · first_building Stable |
| 21:10 | jaypi · age_up castle |
| 22:20 | MOONDERNAR · age_up castle |
| 22:57 | MOONDERNAR · first_building Siege Workshop |
| 23:13 | NARIO226807 · wall_segment Palisade Wall x8 |
| 23:13 | MOONDERNAR · first_market_buy 100 stone |
| 25:30 | NARIO226807 · wall_segment Palisade Wall x1 |
| 26:09 | jaypi · first_building Castle |
| 26:41 | NARIO226807 · first_building Stable |
| 28:45 | MOONDERNAR · first_market_sell 100 wood |
| 32:50 | MOONDERNAR · first_building Castle |
[ AI ANALYSIS · 1 CREDIT ]
What really happened in this match?
Wolo.gg analyzes every decision: build order, eco, micro, common mistakes by bracket. Personalized analysis on WhatsApp or Discord in 30 seconds.
Civ guide
Italians
Perfil
Jugador #21389525